Map: Tourmaline LE

Players

千年之狐

  • Race: Terran Terran
  • League: Grandmaster

llllllllllll - Winner!

  • Race: Terran Terran
  • League: Grandmaster

VOD

Have the link to the VOD?

Description

Time

  • Played on: Dec. 11, 2025, 3:37 a.m.
  • Length: 8:27
Show
View Real Time Build Order
Export as new Build Order

千年之狐 Terran 

Build Orders:  

Get SALT Encoding   

  12  0:00  SCV  
  13  0:12  SCV  
  14  0:17  Supply Depot  
  14  0:24  SCV  
  15  0:38  SCV  
  15  0:39  Barracks  
  16  0:44  Refinery  
  16  0:50  SCV  
  16  0:53  Refinery  
  17  1:02  SCV  
  18  1:14  SCV  
  19  1:26  Reaper, Orbital Command  
  19  1:28  Supply Depot  
  20  1:40  Factory  
  20  1:52  SCV  
  21  1:58  Barracks Reactor  
  21  2:04  SCV  
  22  2:16  SCV  
  22  2:19  Command Center  
  23  2:25  Hellion  
  25  2:31  Supply Depot  
  25  2:33  SCV  
  25  2:35  Reaper  
  27  2:38  Reaper  
  28  2:45  SCV  
  28  2:47  Hellion  
  31  2:56  Starport  
  31  2:57  SCV  
  32  3:07  Marine  
  32  3:10  Marine  
  32  3:11  Factory Tech Lab  
  32  3:12  SCV  
  35  3:26  Marine  
  35  3:29  SCV  
  36  3:34  Cyclone  
  36  3:35  Marine  
  36  3:36  Medivac  
  36  3:39  Orbital Command  
  36  3:41  SCV  
  43  3:53  Marine, SCV  
  41  3:57  Marine  
  42  4:04  Refinery  
  42  4:05  SCV x2  
  42  4:09  Starport Tech Lab  
  44  4:13  Siege Tank  
  44  4:15  Marine  
  44  4:16  Marine  
  50  4:17  SCV  
  50  4:18  SCV, Supply Depot  
  51  4:29  SCV  
  51  4:30  SCV  
  48  4:34  Raven  
  51  4:41  SCV  
  51  4:42  SCV  
  52  4:46  Siege Tank  
  52  4:47  Marine  
  52  4:48  Marine  
  52  4:51  Supply Depot  
  57  4:53  SCV  
  57  4:54  SCV  
  59  5:05  Interference Matrix, SCV  
  59  5:06  SCV, Command Center  
  61  5:11  Marine  
  60  5:17  SCV  
  60  5:18  SCV  
  60  5:21  Siege Tank  
  60  5:22  Marine  
  60  5:23  Raven  
  60  5:27  Supply Depot  
  66  5:29  SCV  
  66  5:30  Marine, SCV  
  69  5:39  Barracks, Marine  
  70  5:45  SCV  
  70  5:46  SCV  
  70  5:48  Marine  
  70  5:55  Siege Tank  
  68  5:57  Marine  
  68  5:58  SCV x2  
  68  5:59  Raven  
  73  6:05  Marine  
  73  6:07  Barracks  
  73  6:10  SCV  
  75  6:11  SCV, Refinery  
  75  6:15  Marine  
  75  6:18  Orbital Command  
  77  6:26  SCV  
  77  6:30  Engineering Bay  
  77  6:31  Engineering Bay  
  77  6:32  Barracks Reactor  
  78  6:36  SCV  
  79  6:41  Marine x2  
  79  6:42  Siege Tank  
  79  6:44  SCV  
  84  6:50  Supply Depot  
  84  6:52  SCV, Orbital Command  
  86  6:59  Marine  
  81  7:08  Starport Reactor  
  81  7:09  Barracks, SCV  
  81  7:11  Marine  
  81  7:14  Siege Tank, Marine x2  
  81  7:15  Marine  
  87  7:17  Marine  
  87  7:20  SCV  
  87  7:21  SCV  
  87  7:29  Marine  
  88  7:31  SCV  
  88  7:32  Marine x2  
  88  7:34  Marine  
  88  7:35  Marine  
  77  7:45  Medivac  
  77  7:46  Medivac  
  77  7:47  Marine  
  77  7:50  Marine, Barracks  
  83  7:51  Siege Tank  
  83  7:52  Marine  
  83  7:55  Marine  
  88  7:59  Marine  
  88  8:01  Marine  
  88  8:05  Marine  
  79  8:07  Marine  
Show
View Real Time Build Order
Export as new Build Order

llllllllllll Terran - Winner!

Build Orders:  

Get SALT Encoding   

  12  0:00  SCV  
  13  0:12  SCV  
  14  0:17  Supply Depot  
  14  0:24  SCV  
  15  0:38  SCV  
  15  0:40  Barracks  
  16  0:42  Refinery  
  16  0:51  SCV  
  16  0:52  Refinery  
  17  1:03  SCV  
  18  1:15  SCV  
  19  1:27  Reaper, Orbital Command  
  20  1:36  Supply Depot  
  20  1:40  Factory  
  20  1:53  SCV  
  21  2:00  Barracks Reactor  
  21  2:05  SCV  
  22  2:15  Command Center  
  22  2:17  SCV  
  23  2:24  Hellion  
  23  2:29  SCV  
  26  2:32  Supply Depot  
  26  2:36  Reaper x2  
  28  2:41  SCV  
  29  2:45  Hellion  
  31  2:52  Starport  
  31  2:54  SCV  
  32  3:06  SCV  
  32  3:08  Factory Tech Lab, Marine x2  
  35  3:18  SCV  
  36  3:26  Marine x2  
  40  3:27  Siege Tank  
  40  3:30  Orbital Command  
  38  3:36  Medivac  
  38  3:38  SCV  
  41  3:44  Marine x2  
  42  3:50  SCV  
  42  3:56  SCV  
  42  4:01  Cyclone  
  42  4:02  Marine x2, SCV  
  48  4:08  SCV  
  48  4:09  Supply Depot  
  49  4:13  Viking  
  49  4:14  SCV  
  52  4:17  Refinery  
  52  4:19  Marine  
  52  4:20  SCV  
  54  4:30  Marine, SCV  
  56  4:33  SCV  
  56  4:35  Siege Tank  
  56  4:37  Supply Depot  
  61  4:41  Supply Depot  
  61  4:42  SCV  
  62  4:49  SCV  
  60  4:53  Refinery  
  60  4:54  SCV  
  60  4:58  Viking  
  60  4:59  Viking, Marine  
  65  5:05  SCV  
  65  5:07  SCV  
  65  5:17  SCV, Marine  
  65  5:18  Siege Tank  
  65  5:19  SCV  
  71  5:29  Starport, Supply Depot x2, SCV  
  71  5:30  Viking  
  71  5:31  SCV  
  71  5:35  Marine, Viking  
  77  5:48  SCV x2  
  70  5:53  Marine  
  68  6:03  Siege Tank  
  72  6:05  Command Center  
  72  6:08  Viking  
  72  6:11  Marine, Viking  
  76  6:15  Viking  
  78  6:18  SCV  
  78  6:19  SCV  
  80  6:28  Marine  
  80  6:30  Supply Depot, SCV  
  80  6:31  SCV  
  83  6:35  Siege Tank  
  83  6:38  Viking  
  88  6:41  Viking  
  88  6:43  SCV x2  
  88  6:46  Marine  
  93  6:51  Viking  
  93  6:53  Supply Depot  
  95  6:54  Supply Depot  
  95  6:55  SCV x2  
  96  7:04  Marine  
  96  7:07  SCV x2  
  96  7:08  Viking  
  98  7:11  Viking  
  100  7:17  Siege Tank, Command Center  
  100  7:21  Viking  
  100  7:22  Marine  
  98  7:30  SCV x2  
  96  7:38  Viking  
  96  7:40  Marine  
  96  7:42  Viking, SCV  
  96  7:43  Refinery, Supply Depot  
  102  7:45  SCV  
  102  7:47  Supply Depot  
  102  7:48  Supply Depot  
  102  7:49  Siege Tank  
  106  7:54  SCV  
  106  7:57  SCV, Marine  
  107  8:11  SCV x2  
Tags
 
Add a new tag
Caveats
  • Supply blocks, unpowered buildings, or Contaminate may cause inaccurate times.
  • Supply counts are checked every 10 seconds.